 Dungeon Crawl Stone Soup version 0.31.0-11-ge490571c62 (webtiles) character file.

Game seed: 13177156611834998601

25 Curundu the Chopper (level 2, 0/27 HPs)
             Began as a Minotaur Berserker on Feb 5, 2024.
             Was a Believer of Trog.
             Slain by Sigmund
             ... wielding a +0 scythe
              (7 damage)
             ... on level 2 of the Dungeon.
             The game lasted 00:03:46 (1034 turns).

Curundu the Chopper (Minotaur Berserker)            Turns: 1034, Time: 00:03:47

Health: 0/27       AC:  6    Str: 21    XL:     2   Next: 82%
Magic:  1/1        EV: 10    Int:  4    God:    Trog [**....]
Gold:   60         SH:  0    Dex:  9    Spells: 1/1 levels left

rFire   . . .        a - +0 hand axe
rCold   . . .        (no shield)
rNeg    . . .        e - +0 scale mail
rPois   .            (helmet restricted)
rElec   .            (no cloak)
rCorr   .            (no gloves)
SInv    .            (no boots)
Will    .....        (no amulet) Stlth
                     (no ring)
HPRegen 0.24/turn    (no ring)
MPRegen 0.07/turn

%: no passive effects
@: no status effects
A: horns 2, retaliatory headbutt
a: Renounce Religion, Berserk, Trog's Hand


You were on level 2 of the Dungeon.
You worshipped Trog.
Trog was pleased with you.
You visited 1 branch of the dungeon, and saw 2 of its levels.

You collected 60 gold pieces.

Inventory:

Hand Weapons
 a - a +0 hand axe (weapon)
Armour
 e - a +0 scale mail (worn)
Jewellery
 b - a ring of ice
 g - a ring of willpower
 j - a ring of protection from fire
Scrolls
 d - 4 scrolls of identify
 f - 2 scrolls of vulnerability {unknown}
 i - 2 scrolls of revelation {unknown}
Potions
 c - a potion of enlightenment {unknown}
 h - 2 potions of heal wounds


   Skills:
 + Level 4.1 Fighting
 + Level 4.2 Axes
 + Level 2.8 Armour
 + Level 2.4 Dodging


You had one spell level left.
You didn't know any spells.
Your spell library was empty.

Dungeon Overview and Level Annotations

Branches:
Dungeon (2/15)

Altars:

Shops:
D:1 !*=[

Annotations:
D:2 Sigmund


Innate Abilities, Weirdness & Mutations

You have a pair of horns on your head.
You reflexively headbutt those who attack you in melee.


Message History

You see here a +0 scale mail.
c - a bubbling grey potion You now have 60 gold pieces (gained 4).
Found a stone staircase leading down.
j - a ring of protection from fire
Found a scale mail.
Sigmund the Dreaded comes into view.
He is wielding a +0 scythe.
Sigmund points at you and mumbles some strange words.
You are confused.
You are too confused!
Sigmund hits you with a +0 scythe.
You hit Sigmund. You headbutt Sigmund.
Sigmund is heavily wounded.
Sigmund closely misses you.
You closely miss Sigmund. Your headbutt misses Sigmund.
Sigmund is heavily wounded.
You slash Sigmund! Your headbutt misses Sigmund.
Sigmund is severely wounded.
You feel less confused. Sigmund closely misses you.
You hit Sigmund.
Sigmund is almost dead.
Sigmund gestures wildly while chanting.
Sigmund flickers and vanishes!
Deactivating autopickup; reactivate with Ctrl-A.
You barely miss something.
You hear some strange, mumbled words.
You are confused.
Something hits you.
You bump into the rock wall.
Something hits you!
You bump into the rock wall.
Something hits you!
You miss something. Something hits you.
* * * LOW HITPOINT WARNING * * *
You're too confused to move!
You are too confused!
You closely miss something.
You feel less confused. Something hits you!
You die...

##.####...# #.....###.# #.#
......#...# #.........# #.#
..# #.#...#######.##### #.#
..# #...........#.##### #.#
..####.########.#.#...# #.#
..#..[........#.#.#...####
#.#
..#.##...####.#...........
##.## ..'.####.#
#.###.#...##### #....
..###.##...
#..{@.........#.#####
..##...####.#####.#...###.
...## ###..#..## .##
#.#...# #.####.##
##..###..## .. #[#...#
#.#...... #..##.##..###.#
#.#...# #.#.##.##
..##...##..##..##.#...#
#.#...... .##
#..##..##..#.....#
#.#..##.# ##
#..##.)##.###..## #.#..##.#
#
#...#...#.####..###.#.....#


There were no monsters in sight!

Vanquished Creatures
  A ribbon worm (D:2)
  2 endoplasms
  A goblin (D:1)
  3 hobgoblins
  6 ball pythons
  2 bats
  2 frilled lizards (D:1)
  3 kobolds
  3 rats
23 creatures vanquished.

Notes
Turn   | Place    | Note
-------+----------+-------------------------------------------
     0 | D:1      | Curundu the Minotaur Berserker began the quest for the Orb.
     0 | D:1      | Reached XP level 1. HP: 19/19 MP: 0/0
    26 | D:1      | Found a faded altar of an unknown god.
   290 | D:1      | Found Nen Huat's Antique Armour Boutique.
   323 | D:1      | Found Qunik's Jewellery Shop.
   330 | D:1      | Reached XP level 2. HP: 19/27 MP: 1/1
   563 | D:1      | Found Bumiazuo's General Store.
   628 | D:1      | Found Ciaptaaf's Distillery.
   985 | D:2      | Reached ** piety under Trog
  1020 | D:2      | Noticed Sigmund
  1034 | D:2      | Slain by Sigmund

Illustrated notes

Levels and vault maps discovered:
D:1:      nzn_arrival_water_spiral, layout_loops_ring, serial_shops,
          nicolae_shop_tiny_real_fake_doors, nicolae_shop_gaudy_bauble, shop,
          nicolae_shop_behind_doors, ebering_ecumenical_altar_abandoned
D:2:      minmay_alternating_diamond, layout_basic, uniq_sigmund

Skill      XL: |  1  2 |
---------------+-------+-----
Axes           | 4 |  4.2
Fighting       | 4 |  4.1
Armour         | |  2.8
Dodging        | |  2.4

Action                     || total
---------------------------++-------
  Melee: Hand axe          ||    60
         Headbutt          ||     6
    Use: Scroll            ||     3
 Armour: Scale mail        ||    52
  Dodge: Dodged            ||    27
